 Dungeon Crawl Stone Soup version 0.30-a0-509-gd016549fea (webtiles) character file.

Game seed: 7291283550069223595

90 Jase the Cudgeller (level 4, -1/38 HPs)
             Began as a Gnoll Reaver on Dec 23, 2022.
             Was a Follower of Okawaru.
             Killed by divine providence
             ... invoked by an orc priest
              (14 damage)
             ... on level 3 of the Dungeon.
             The game lasted 00:07:45 (1744 turns).

Jase the Cudgeller (Gnoll Reaver)                   Turns: 1744, Time: 00:07:46

Health: -1/38      AC:  4    Str: 11    XL:     4   Next: 56%
Magic:  11/11      EV: 12    Int: 14    God:    Okawaru [*.....]
Gold:   134        SH:  0    Dex: 11    Spells: 10/13 levels left

rFire   . . .      SeeInvis .    a - +0 mace
rCold   . . .      Faith    .    (no shield)
rNeg    . . .      Spirit   .    b - +0 leather armour
rPois   .          Reflect  .    h - +1 hat
rElec   .          Harm     .    (no cloak)
rCorr   .          Rampage  .    (no gloves)
Will    .....                    (no boots)
Stlth   ..........               f - amulet of magic regeneration
HPRegen 0.26/turn                (no ring)
MPRegen 0.52/turn                (no ring)

@: silenced (expiring)
A: fangs 1, strong nose, distributed training
a: Renounce Religion


You were on level 3 of the Dungeon.
You worshipped Okawaru.
Okawaru was aware of your devotion.
You visited 1 branch of the dungeon, and saw 3 of its levels.

You collected 134 gold pieces.

Inventory:

Hand Weapons
 a - a +0 mace (weapon)
Missiles
 i - 33 stones
 k - a throwing net
Armour
 b - a +0 leather armour (worn)
 h - a +1 hat (worn)
Jewellery
 f - an amulet of magic regeneration (around neck)
Scrolls
 c - a scroll of fear
 j - a scroll of blinking
 o - a scroll of enchant armour {unknown}
Potions
 d - a potion of flight
 e - a potion of curing
 m - a potion of resistance
 n - 2 potions of attraction
 p - a potion of mutation {unknown}
 q - a potion of might {unknown}


   Skills:
 + Level 4.7 Fighting
 + Level 1.2 Short Blades
 + Level 1.2 Long Blades
 + Level 1.2 Axes
 + Level 6.6 Maces & Flails
 + Level 1.2 Polearms
 + Level 1.2 Staves
 + Level 1.2 Ranged Weapons
 + Level 1.2 Throwing
 + Level 1.2 Armour
 + Level 4.7 Dodging
 + Level 1.2 Stealth
 + Level 1.2 Shields
 + Level 1.2 Unarmed Combat
 + Level 5.1 Spellcasting
 + Level 5.5 Conjurations
 + Level 1.0 Hexes
 + Level 1.0 Summonings
 + Level 1.0 Necromancy
 + Level 1.0 Translocations
 + Level 1.0 Transmutations
 + Level 1.0 Fire Magic
 + Level 1.0 Ice Magic
 + Level 1.0 Air Magic
 + Level 1.0 Earth Magic
 + Level 1.0 Poison Magic
 + Level 1.3 Invocations
 + Level 1.2 Evocations


You had 10 spell levels left.
You knew the following spells:

 Your Spells              Type           Power      Damage    Failure   Level
a - Kiss of Death         Conj/Necr      48%        2d9       6%          1
b - Momentum Strike       Conj/Tloc      24%        3d8       9%          2

Your spell library contained the following spells:

 Spells                   Type           Power      Damage    Failure   Level
 Shock                    Conj/Air       48%        1d6       6%          1
 Hailstorm                Conj/Ice       12%        3d5       19%         3
 Swiftness                Air            6%         N/A       41%         3
 Airstrike                Air            3%         2d(1-17)  83%         4
 Yara's Violent Unravell  Hex/Tmut       3%         3d4       99%         5
 Enfeeble                 Hex            3%         N/A       100%        7


Dungeon Overview and Level Annotations

Branches:
Dungeon (3/15)

Altars:
Okawaru

Shops:
D:2 [?


Innate Abilities, Weirdness & Mutations

You have very sharp teeth.
Your uncanny sense of smell can sniff out nearby items.
Your experience applies equally to all skills.


Message History

The orc barely misses you.
You closely miss the orc.
The orc is lightly wounded.
The orc priest looks encouraged for a moment.
The orc closely misses you.
You barely miss the orc.
The orc is lightly wounded.
The orc priest looks braver for a moment.
The orc hits you with a +0 hand axe.
You hit the orc. Your bite misses the orc.
The orc is heavily wounded.
The orc priest looks encouraged for a moment.
The orc misses you.
You completely miss the orc.
The orc is heavily wounded.
The orc closely misses you.
You hit the orc.
The orc is almost dead.
The orc priest looks satisfied for a moment.
The orc hits you with a +0 hand axe.
You closely miss the orc. Your bite misses the orc.
The orc is almost dead.
The orc priest calls upon Beogh to heal the orc.
The orc is healed somewhat.
The orc barely misses you.
You barely miss the orc.
The orc is lightly wounded.
The orc hits you but does no damage.
You hit the orc.
The orc is lightly wounded.
The orc closely misses you.
The orc priest mumbles some strange prayers to Beogh against you.
Beogh smites you!
You sock the orc!
You kill the orc!
Okawaru accepts your kill.
The orc priest mumbles some strange prayers to Beogh against you.
Pain shoots through your body!
The orc priest calls down the wrath of Beogh upon you.
Beogh smites you!
You die...

#.# #.# ##.# ## #..#
.. #.#############.
#.# #.......... #.#
#.######oo
#####.###.#### #)#
.............# #@#
.####.###.##.# #.#
#.# #.##.# #.# ...
#.##.# #.# ....
#.##.# #.# #
###..##.##.# #.# ..
#..##.##.# #.######.#
.#.##.##.#
#........###
#...##?#####[........


You could see 2 orc priests.

Vanquished Creatures
  4 adders
  A worm (D:2)
  3 dart slugs
  3 orcs (D:3)
  3 bats (D:2)
  5 endoplasms
  2 giant cockroaches
  5 goblins
  4 hobgoblins
  3 kobolds
  2 quokkas
  A ball python (D:1)
  A frilled lizard (D:1)
  6 rats (D:2)
43 creatures vanquished.

Notes
Turn   | Place    | Note
-------+----------+-------------------------------------------
     0 | D:1      | Jase the Gnoll Reaver began the quest for the Orb.
     0 | D:1      | Reached XP level 1. HP: 20/20 MP: 6/6
   327 | D:1      | Reached XP level 2. HP: 22/25 MP: 7/7
   394 | D:1      | Found a faded altar of an unknown god.
   398 | D:1      | Prayed at the altar of an unknown god.
   398 | D:1      | Became a worshipper of Warmaster Okawaru
   398 | D:1      | Reached * piety under Okawaru
   910 | D:2      | Found Xolun's Armour Shop.
   984 | D:2      | Reached skill level 5 in Spellcasting
   984 | D:2      | Reached XP level 3. HP: 27/29 MP: 6/9
   987 | D:2      | Learned a level 2 spell: Momentum Strike
  1009 | D:2      | Reached skill level 1 in Invocations
  1099 | D:2      | Found Paluriah's Antique Armour Shoppe.
  1224 | D:2      | Reached skill level 1 in Short Blades
  1224 | D:2      | Reached skill level 1 in Long Blades
  1224 | D:2      | Reached skill level 1 in Axes
  1224 | D:2      | Reached skill level 1 in Polearms
  1224 | D:2      | Reached skill level 1 in Staves
  1224 | D:2      | Reached skill level 1 in Ranged Weapons
  1224 | D:2      | Reached skill level 1 in Throwing
  1224 | D:2      | Reached skill level 1 in Armour
  1224 | D:2      | Reached skill level 1 in Stealth
  1224 | D:2      | Reached skill level 1 in Shields
  1224 | D:2      | Reached skill level 1 in Unarmed Combat
  1224 | D:2      | Reached skill level 1 in Evocations
  1241 | D:2      | Found Seumniok's Magic Scroll Shop.
  1281 | D:2      | Reached XP level 4. HP: 30/37 MP: 11/11
  1604 | D:3      | Reached skill level 1 in Hexes
  1604 | D:3      | Reached skill level 1 in Summonings
  1604 | D:3      | Reached skill level 1 in Necromancy
  1604 | D:3      | Reached skill level 1 in Translocations
  1604 | D:3      | Reached skill level 1 in Transmutations
  1604 | D:3      | Reached skill level 1 in Fire Magic
  1604 | D:3      | Reached skill level 1 in Ice Magic
  1604 | D:3      | Reached skill level 1 in Air Magic
  1604 | D:3      | Reached skill level 1 in Earth Magic
  1604 | D:3      | Reached skill level 1 in Poison Magic
  1744 | D:3      | Killed from afar by an orc priest

Illustrated notes

Levels and vault maps discovered:
D:1:      giann_wishing_wells, layout_basic, nicolae_ecumenical_lake_church,
          nrook_campfire, reono_crystal_passage
D:2:      layout_basic, serial_shops, shop_statue, shop_fountains,
          nicolae_shop_trees, minmay_tree_intersection
D:3:      layout_loops_ring, portal_sewer_entry_e, mrwooster_statue_mirror

Skill      XL: |  1  2  3  4 |
---------------+-------------+-----
Spellcasting   | 5 |  5.1
Invocations    | 1 |  1.3
Short Blades   | 1 |  1.2
Long Blades    | 1 |  1.2
Axes           | 1 |  1.2
Polearms       | 1 |  1.2
Staves         | 1 |  1.2
Ranged Weapons | 1 |  1.2
Throwing       | 1 |  1.2
Armour         | 1 |  1.2
Stealth        | 1 |  1.2
Shields        | 1 |  1.2
Unarmed Combat | 1 |  1.2
Evocations     | 1 |  1.2
Hexes          | 1 |  1.0
Summonings     | 1 |  1.0
Necromancy     | 1 |  1.0
Translocations | 1 |  1.0
Transmutations | 1 |  1.0
Fire Magic     | 1 |  1.0
Ice Magic      | 1 |  1.0
Air Magic      | 1 |  1.0
Earth Magic    | 1 |  1.0
Poison Magic   | 1 |  1.0
Fighting       | |  4.7
Maces & Flails | |  6.6
Dodging        | |  4.7
Conjurations   | |  5.5

Action                   |  1- 3 |  4- 6 || total
-------------------------+-------+-------++-------
Melee: Mace              |   103 |    31 ||   134
       Bite              |     7 |     1 ||     8
 Cast: Kiss of Death     |     2 |       ||     2
       Momentum Strike   |       |     1 ||     1
  Use: Scroll            |       |     8 ||     8
 Stab: Sleeping          |       |     3 ||     3
Armor: Leather armour    |    15 |     4 ||    19
Dodge: Dodged            |    71 |    12 ||    83

Table legend: (Time is in decaauts)
 A = Elapsed time spent in this place.
 B = Non-inter-level travel time spent in this place.
 C = Inter-level travel time spent in this place.
 D = Time resting spent in this place.
 E = Time spent auto-exploring this place.
 F = Levels seen in this place.
 G = Mean time per level.
                   A        B        C        D        E       F      G
               +--------+--------+--------+--------+--------+-----+--------+
         Total |   1753 |   1717 |     36 |     49 |   1302 |   3 |  584.3 |
       Dungeon |   1753 |   1717 |     36 |     49 |   1302 |   3 |  584.3 |
               +--------+--------+--------+--------+--------+-----+--------+

Top non-repeatable levels by time:
     D:1: 913 daAuts
     D:2: 617 daAuts
     D:3: 223 daAuts
